 Dungeon Crawl Stone Soup version 0.27-a0-263-gc8dee61f84 (webtiles) character file.

Game seed: 13632627827277093507

665915 gimp the Slayer (level 27, -7/195 HPs)
             Began as a Tengu Fighter on Feb 4, 2021.
             Was the Champion of Zin.
             Mangled by Unevuylu the pandemonium lord (25 damage)
             ... in Pandemonium on Feb 5, 2021.
             The game lasted 02:30:22 (75247 turns).

gimp the Slayer (Tengu Fighter)                    Turns: 75247, Time: 02:30:23

Health: -7/195     AC: 45    Str: 25    XL:     27
Magic:  34/34      EV: 22    Int: 17    God:    Zin [******]
Gold:   4687       SH: 26    Dex: 30    Spells: 26/26 levels left

rFire    + + .     SeeInvis .   b - +9 broad axe (holy)
rCold    + + .     Faith    .   O - +2 tower shield {AC+3}
rNeg     + + +     Spirit   .   g - +12 gold dragon scales
rPois    ∞         Reflect  .   A - +2 hat {Will+}
rElec    +         Harm     .   W - scarf {rC+ rF+}
rCorr    +         Rampage  .   z - +1 pair of gloves "Zeaqaki" {rC- rCorr Dex+4}
Will     ++++.                  (boots unavailable)
Stlth    ..........             Y - amulet of regeneration
HPRegen  0.82/turn              h - ring "Miem" {rC+ rN+ Dex+6 Stlth-}
MPRegen  0.24/turn              N - ring "Bunoget" {rElec rN++ Will+ AC+4 Str-5}

@: vitalised, flying quickly and evasively, studying 2 skills, quick
A: beak, talons 3, able to fly
}: 5/15 runes: decaying, slimy, silver, abyssal, gossamer
a: Stop Flying, Renounce Religion, Recite, Vitalisation, Imprison, Sanctuary,
Donate Gold


You were in Pandemonium.
You worshipped Zin.
Zin was exalted by your worship.
You visited 11 branches of the dungeon, and saw 53 of its levels.
You visited Pandemonium 1 time, and saw 3 of its levels.
You visited the Abyss 3 times.
You also visited: Bailey and Ice Cave.

You collected 12581 gold pieces.
You spent 3294 gold pieces at shops.
You donated 4600 gold pieces to Zin.

Inventory:

Hand Weapons
 a - a +9 broad axe of electrocution
 b - a +9 broad axe of holy wrath (weapon)
Missiles
 v - 32 curare-tipped darts
 J - 10 javelins (quivered)
Armour
 g - +12 gold dragon scales (worn)
 x - a +2 kite shield of reflection
 z - the +1 pair of gloves "Zeaqaki" (worn) {rC- rCorr Dex+4}
   (You found it on level 3 of the Lair of Beasts)

   It affects your dexterity (+4).
   It makes you vulnerable to cold.
   It provides partial protection from all sources of acid and corrosion.
 A - a +2 hat of willpower (worn)
 E - the +2 pair of gloves "Poulee" {rElec rPois Will- rCorr}
   (Okawaru gifted it to you on level 5 of the Vaults)

   It insulates you from electricity.
   It protects you from poison.
   It affects your willpower, your defense against some magical effects.
   It provides partial protection from all sources of acid and corrosion.
 O - a +2 tower shield of protection (worn)
 W - a scarf of resistance (worn)
Jewellery
 h - the ring "Miem" (left hand) {rC+ rN+ Dex+6 Stlth-}
   (You acquired it on level 3 of the Spider Nest)

   [ring of dexterity]

   It affects your dexterity (+6).
   It protects you from cold.
   It protects you from negative energy.
   It makes you less stealthy.
 w - an uncursed ring of see invisible
 G - the ring "Setarch" {rC+ rN+ Will+ AC+4 Int-5 Slay+2}
   (You took it off a deep elf annihilator on level 3 of the Elven Halls)

   [ring of protection]

   It affects your AC (+4).
   It affects your intelligence (-5).
   It affects your accuracy and damage with ranged weapons and melee attacks
   (+2).
   It protects you from cold.
   It protects you from negative energy.
   It affects your willpower, your defense against some magical effects.
 N - the ring "Bunoget" (right hand) {rElec rN++ Will+ AC+4 Str-5}
   (You found it on level 5 of the Vaults)

   [ring of protection]

   It affects your AC (+4).
   It affects your strength (-5).
   It insulates you from electricity.
   It greatly protects you from negative energy.
   It affects your willpower, your defense against some magical effects.
 Y - an amulet of regeneration (around neck)
Wands
 p - a wand of paralysis (36)
 y - a wand of digging (7)
 C - a wand of acid (11)
 I - a wand of flame (36)
 U - a wand of iceblast (24)
Scrolls
 c - 16 scrolls of identify
 e - 4 scrolls of fear
 i - 11 scrolls of immolation
 l - 6 scrolls of blinking
 q - 11 scrolls of magic mapping
 r - 19 scrolls of teleportation
 u - 31 scrolls of remove curse
 B - 6 scrolls of holy word
 H - 2 scrolls of summoning
 T - 12 scrolls of fog
Potions
 d - 8 potions of might
 j - 6 potions of invisibility
 k - 25 potions of curing
 m - 2 potions of cancellation
 n - 3 potions of resistance
 o - 10 potions of ambrosia
 t - 3 potions of mutation
 D - 3 potions of berserk rage
 F - 5 potions of magic
 L - 5 potions of haste
 S - 8 potions of heal wounds
Miscellaneous
 f - a tin of tremorstones (2/2)
 K - a lightning rod (4/4)
 M - a phial of floods
 Q - a phantom mirror


   Skills:
 * Level 25.7 Fighting
 - Level 20.0 Axes
 * Level 15.7 Throwing
 - Level 18.0 Armour
 - Level 15.0 Dodging
 * Level 18.5 Shields
 + Level 14.1 Invocations
 - Level 15.0 Evocations


You had 26 spell levels left.
You didn't know any spells.
Your spell library contained the following spells:

 Spells                   Type           Power        Failure   Level
 Animate Skeleton         Necr           0%           100%        1
 Apportation              Tloc           0%           100%        1
 Beastly Appendage        Tmut           0%           100%        1
 Corona                   Hex            0%           100%        1
 Foxfire                  Conj/Fire      0%           100%        1
 Magic Dart               Conj           0%           100%        1
 Pain                     Necr           0%           100%        1
 Sandblast                Erth           0%           100%        1
 Shock                    Conj/Air       0%           100%        1
 Sting                    Tmut/Pois      0%           100%        1
 Blink                    Tloc           N/A          100%        2
 Call Imp                 Summ           0%           100%        2
 Corpse Rot               Necr/Air       N/A          100%        2
 Ensorcelled Hibernation  Hex/Ice        0%           100%        2
 Passwall                 Tmut/Erth      0%           100%        2
 Poisonous Vapours        Pois/Air       0%           100%        2
 Searing Ray              Conj           0%           100%        2
 Slow                     Hex            0%           100%        2
 Sublimation of Blood     Necr           0%           100%        2
 Swiftness                Air            0%           100%        2
 Wereblood                Tmut           0%           100%        2
 Confusing Touch          Hex            0%           100%        3
 Conjure Flame            Conj/Fire      0%           100%        3
 Dazzling Flash           Conj/Hex       0%           100%        3
 Gell's Gravitas          Tloc           0%           100%        3
 Ignite Poison            Fire/Tmut/Pois 0%           100%        3
 Inner Flame              Hex/Fire       0%           100%        3
 Lesser Beckoning         Tloc           0%           100%        3
 Mephitic Cloud           Conj/Pois/Air  0%           100%        3
 Ozocubu's Armour         Ice            0%           100%        3
 Portal Projectile        Hex/Tloc       0%           100%        3
 Spider Form              Tmut/Pois      0%           100%        3
 Static Discharge         Conj/Air       0%           100%        3
 Stone Arrow              Conj/Erth      0%           100%        3
 Teleport Other           Tloc           0%           100%        3
 Tukima's Dance           Hex            0%           100%        3
 Vampiric Draining        Necr           0%           100%        3
 Airstrike                Air            0%           100%        4
 Animate Armour           Summ/Erth      0%           100%        4
 Animate Dead             Necr           0%           100%        4
 Cause Fear               Hex            0%           100%        4
 Dispel Undead            Necr           0%           100%        4
 Fulminant Prism          Conj/Hex       0%           100%        4
 Ice Form                 Ice/Tmut       0%           100%        4
 Iskenderun's Mystic Bla  Conj/Tloc      0%           100%        4
 Leda's Liquefaction      Hex/Erth       0%           100%        4
 Olgreb's Toxic Radiance  Pois           0%           100%        4
 Passage of Golubria      Tloc           N/A          100%        4
 Petrify                  Tmut/Erth      0%           100%        4
 Sticky Flame             Conj/Fire      0%           100%        4
 Summon Lightning Spire   Summ/Air       0%           100%        4
 Agony                    Necr           0%           100%        5
 Alistair's Intoxication  Tmut/Pois      0%           100%        5
 Blade Hands              Tmut           0%           100%        5
 Borgnjor's Vile Clutch   Necr/Erth      0%           100%        5
 Excruciating Wounds      Necr           0%           100%        5
 Fireball                 Conj/Fire      0%           100%        5
 Irradiate                Conj/Tmut      0%           100%        5
 Lee's Rapid Deconstruct  Erth           0%           100%        5
 Lightning Bolt           Conj/Air       0%           100%        5
 Metabolic Englaciation   Hex/Ice        0%           100%        5
 Silence                  Hex/Air        0%           100%        5
 Summon Forest            Summ/Tloc      0%           100%        5
 Summon Mana Viper        Hex/Summ       0%           100%        5
 Yara's Violent Unravell  Hex/Tmut       0%           100%        5
 Conjure Ball Lightning   Conj/Air       0%           100%        6
 Freezing Cloud           Conj/Ice/Air   0%           100%        6
 Hydra Form               Tmut           0%           100%        6
 Invisibility             Hex            0%           100%        6
 Shadow Creatures         Summ           N/A          100%        6
 Simulacrum               Ice/Necr       0%           100%        6
 Starburst                Conj/Fire      0%           100%        6
 Statue Form              Tmut/Erth      0%           100%        6
 Dragon Form              Tmut           0%           100%        7
 Orb of Destruction       Conj           0%           100%        7
 Ozocubu's Refrigeration  Ice            0%           100%        7
 Summon Hydra             Summ           0%           100%        7
 Chain Lightning          Conj/Air       0%           100%        8
 Ignition                 Fire           0%           100%        8
 Lehudib's Crystal Spear  Conj/Erth      0%           100%        8
 Absolute Zero            Ice            0%           100%        9
 Dragon's Call            Summ           0%           100%        9
 Fire Storm               Conj/Fire      0%           100%        9
 Tornado                  Air            0%           100%        9


Dungeon Overview and Level Annotations

Branches:
Dungeon (15/15)            Temple (1/1) D:7            Lair (6/6) D:11
  Swamp (4/4) Lair:4       Spider (4/4) Lair:2        Slime (5/5) Lair:6
    Orc (2/2) D:10            Elf (3/3) Orc:2        Vaults (5/5) D:14
  Crypt (3/3) Vaults:2       Tomb (0/3) Crypt:3      Depths (5/5) D:15
    Zot (0/5) Depths:5     Bailey (visited)           IceCv (visited)

Altars:
Ashenzari
Cheibriados
Dithmenos
Elyvilon
Fedhas
Gozag
Hepliaklqana
Kikubaaqudgha
Makhleb
Nemelex Xobeh
Okawaru
Qazlal
Ru
Sif Muna
Trog
Uskayaw
Vehumet
Wu Jian
Xom
Yredelemnul
Zin
The Shining One
Jiyva

Shops:
D:9 (   D:10 =   D:11 [([}   Orc:2 [?:(   Elf:1 !   Elf:2 ((   Vaults:1 =
Depths:1 ?[   Depths:3 }}=

Portals:
Hell: Depths:1 Depths:2 Depths:3 Depths:4
Abyss: Depths:4
Pandemonium: Depths:2 Depths:3 Depths:4
Ziggurat: Depths:2

Annotations:
Elf:2 1 runed translucent door
Depths:5 Jory


Innate Abilities, Weirdness & Mutations

You have a beak for a mouth.
You have claws for feet.
You can fly continuously.


Message History

Your body is wracked with pain!
* * * LOW HITPOINT WARNING * * *
You take 14 damage, and have 30/195 hp.
Throw: 11 javelins
Press: ? - help, Q - select action, (/) - cycle Shift-Dir - straight line, f - monstrous black sun, p - Tzitzimitl
Aim: a monstrous black sun, wearing a +0 ring mail (80% to hit)
You throw a javelin. The javelin closely misses Unevuylu.
The javelin pierces through the Tzitzimitl!!!
The Tzitzimitl is heavily wounded.
The javelin closely misses the monstrous black sun.
You hear a roar!
Unevuylu hits you!
* * * LOW HITPOINT WARNING * * *
The monstrous black sun utters an invocation to Kikubaaqudgha.
Unevuylu begins absorbing vital energies!
The Tzitzimitl begins absorbing vital energies!
The monstrous black sun begins absorbing vital energies!
Unevuylu sneers, "Thy lungs shall be my meal!"
Unevuylu hits you!!
You die...

..#....#.......#
.##....##......'
.#......#......# #
.'......#......##6
.###....# .....#)#
...######......#1#
........... ...#)#
.....########..#&#
.....#......#..#@#
.....#......#..#'######
.....+......#...........
.....#'######...........
........................
..###'#####.............
..#.......#.............
..#.[.....#.............
..#.......#........#####


You could see Unevuylu (black mark), a Tzitzimitl (black mark) and a monstrous
black sun (black mark).

Vanquished Creatures
  the Royal Jelly (Slime:5)
  2 pandemonium lords (Pan)
  A dread lich (Vaults:5)
  A juggernaut (Depths:4)
  Sojobo (Crypt:3)
  A royal mummy (Crypt:3)
  the Lernaean hydra (Swamp:4)
  Saint Roka (Vaults:1)
  Bai Suzhen (Depths:2)
  The ghost of puppykicker the Marksnaga, a veteran NaAM of Cheibriados (Depths:2)
  A profane servitor (Crypt:3)
  Nikola (Swamp:3)
  3 golden dragons
  Arachne (Spider:2)
  5 bone dragons
  2 Tzitzimimeh (Pan)
  The ghost of Kucw the Warrior, an adept GrFi of Cheibriados (Crypt:1)
  Rupert (Spider:1)
  7 tentacled monstrosities
  6 hellephants
  A Hell Sentinel (Abyss:3)
  Jorgrun (D:12)
  An Ice Fiend (Pan)
  20 titans
  Asterion (Depths:2)
  A quicksilver dragon (Vaults:5)
  11 deep elf blademasters
  3 liches
  21 acid blobs
  9 deep elf master archers
  6 tentacled starspawn
  3 ancient champions
  3 sphinxes
  A thorn hunter (Swamp:3)
  3 storm dragons (Vaults:5)
  7 tengu reavers
  A draconian monk (Depths:5)
  Roxanne (Swamp:3)
  Donald (Spider:2)
  4 fenstrider witches
  A revenant (Crypt:2)
  3 shadow dragons (Vaults:5)
  Kirke (Lair:2)
  The ghost of Deodd the Tortoise, an adept GrFi of Okawaru (Swamp:3)
  18 fire giants
  11 azure jellies
  11 deep elf sorcerers
  5 cacodemons
  10 vault wardens
  26 frost giants
  A draconian knight (Depths:5)
  6 iron dragons
  9 deep elf elementalists
  3 ghost moths (Spider:4)
  11 ghouls
  A draconian shifter (Abyss:4)
  Aizul (Swamp:3)
  7 balrugs
  3 curse skulls
  2 spriggan defenders (Depths:4)
  An angel (Abyss:4)
  4 war gargoyles
  18 ironheart preservers
  4 emperor scorpions (Spider:4)
  13 very ugly things
  2 blood saints (Pan)
  6 deep elf demonologists
  31 stone giants
  4 black suns (Pan)
  Azrael (Spider:2)
  3 vampire knights
  2 lorocyprocas (Pan)
  3 red draconians
  3 white draconians
  A dire elephant (shapeshifter) (Vaults:5)
  A corrupter (Pan)
  A green draconian (Depths:5)
  A purple draconian (Crypt:3)
  A black draconian (Crypt:3)
  3 yellow draconians
  6 dire elephants (Abyss:4)
  10 deep elf annihilators
  2 entropy weavers
  2 spark wasps (Spider:4)
  8 bunyips
  9 ettins
  11 eidola
  9 fire dragons
  A blizzard demon (Pan)
  2 jiangshi (Crypt:1)
  11 death oozes
  5 deep elf death magi
  3 eleionomae
  2 shambling mangroves (Swamp:3)
  Josephine (Lair:6)
  10 great orbs of eyes
  A quicksilver dragon zombie (Crypt:2)
  9 deep elf high priests
  8 yaktaur captains
  29 vault guards
  4 spriggan air magi
  20 hydras
  Erolcha (Orc:2)
  A quicksilver dragon skeleton (Crypt:1)
  9 rakshasas
  4 ghost crabs
  A monstrous demonspawn (Pan)
  A hell beast (Pan)
  9 boulder beetles
  9 ice dragons
  10 ogre magi
  A boulder beetle (shapeshifter) (Vaults:5)
  An anaconda (shapeshifter) (Depths:4)
  9 death knights
  Erica (D:8)
  29 dancing weapons
  5 centaur warriors
  5 deep troll shamans
  24 two-headed ogres
  The ghost of lunkers the Spear-Bearer, a novice MfGl of Ru (D:9)
  9 alligators
  5 tengu warriors
  4 hell hogs (Abyss:3)
  9 vampire magi
  6 deep troll earth magi
  13 thrashing horrors
  3 spriggan berserkers
  Urug (D:10)
  7 spriggans
  5 orc high priests (Orc:2)
  A storm dragon zombie (Crypt:3)
  Sonja (Lair:6)
  6 soul eaters
  7 iron trolls
  7 sun demons (Pan)
  8 wretched stars
  35 deep elf knights
  16 hell knights
  4 shadow wraiths
  A fire crab (shapeshifter) (Depths:3)
  17 skeletal warriors
  9 spatial maelstroms
  2 spriggan druids
  6 sixfirhies
  8 glowing orange brains
  A shadow demon (Pan)
  3 goliath frogs
  7 swamp dragons
  2 entropy weaver zombies
  6 unseen horrors
  A death drake (Swamp:3)
  5 infernal demonspawn (Pan)
  3 torturous demonspawn
  2 gelid demonspawn (Pan)
  31 deep trolls
  11 bog bodies
  14 flayed ghosts
  A lindwurm (Lair:6)
  23 deep elf archers
  6 necromancers
  15 orc knights
  A shadow dragon zombie (Crypt:1)
  An anaconda skeleton (Crypt:2)
  13 ironbrand convokers
  Pikel (D:4)
  3 wizards
  A wolf spider zombie (Crypt:3)
  30 large abominations
  18 phantasmal warriors
  4 harpies (Vaults:2)
  18 orb spiders
  34 deep elf pyromancers
  3 manticores
  A fire giant zombie (Vaults:2)
  2 stone giant zombies
  33 wolf spiders
  A will-o-the-wisp (Swamp:2)
  A mana viper (shapeshifter) (D:15)
  5 orc sorcerers
  59 ugly things
  27 deep elf zephyrmancers
  2 cyclopes (shapeshifter)
  An iron dragon zombie (Crypt:3)
  2 moths of wrath
  2 oklob plants (D:11)
  3 frost giant zombies
  3 worldbinders
  7 cyclopes
  A shining eye (shapeshifter) (Vaults:3)
  3 shining eyes
  An elephant (Abyss:4)
  4 black mambas
  3 ice statues (IceCv)
  2 rust devils
  2 torpor snails
  10 cane toads
  12 smoke demons
  Joseph (D:7)
  A cane toad (shapeshifter) (D:15)
  3 gargoyles
  14 vault sentinels
  A purple draconian zombie (Crypt:1)
  2 molten gargoyles (Lair:6)
  A red draconian zombie (Crypt:2)
  3 orange demons (Pan)
  2 eyes of devastation
  Maggie (D:8)
  5 kobold demonologists
  A shock serpent skeleton (Abyss:1)
  2 hellions
  16 komodo dragons
  An emperor scorpion zombie (Crypt:3)
  14 demonic crawlers
  2 rime drakes
  2 rime drakes (shapeshifter)
  A minotaur zombie (Crypt:3)
  44 yaktaurs
  2 tengu conjurers (Depths:4)
  16 freezing wraiths
  A redback zombie (Crypt:2)
  5 hellwings (Pan)
  A tormentor (Depths:2)
  A harpy zombie (Crypt:3)
  A hydra zombie (Crypt:3)
  3 red devils (Pan)
  9 ancient zymes
  A troll (shapeshifter) (Vaults:1)
  A guardian mummy (Crypt:3)
  A queen bee (shapeshifter) (Elf:2)
  18 hornets
  5 polar bears
  4 tyrant leeches
  28 jumping spiders
  The ghost of inqbanana the Schismatic, an amateur FoAK of Lugonu (D:8)
  8 trolls
  24 blink frogs
  A dream sheep (D:12)
  A blink frog (shapeshifter) (Vaults:2)
  93 slime creatures
  A slime creature (shapeshifter) (Vaults:1)
  An ettin zombie (Crypt:3)
  A hydra skeleton (Crypt:2)
  A human simulacrum (Vaults:2)
  18 raiju
  A fire dragon zombie (Crypt:3)
  A meliai zombie (Crypt:2)
  2 stone giant simulacra
  80 redbacks
  Sigmund (D:4)
  A black mamba zombie (Crypt:3)
  2 vampires
  2 ettin skeletons (Crypt:1)
  6 air elementals
  32 starcursed masses
  3 shadows
  17 tarantellas
  29 flying skulls
  9 hogs
  13 wyverns
  2 ushabtiu (Crypt:3)
  16 water elementals
  9 ynoxinuls
  7 basilisks
  4 fire elementals
  A yak (shapeshifter) (Vaults:1)
  A hog (shapeshifter) (Vaults:5)
  10 humans (D:14)
  56 yaks
  2 golden eyes (shapeshifter)
  19 wraiths
  5 chaos spawn
  Grum (D:11)
  2 steam dragons (Lair:6)
  7 golden eyes
  4 wargs
  Menkaure (D:6)
  9 neqoxecs
  11 vampire mosquitoes
  A torturous demonspawn zombie (Crypt:2)
  19 swamp worms
  Edmund (D:6)
  An acid dragon (Vaults:2)
  14 spatial vortices
  17 water moccasins
  2 floating eyes
  9 hell hounds
  8 swamp drakes
  Duvessa (D:5)
  A floating eye (shapeshifter) (Vaults:5)
  34 small abominations
  18 ice beasts
  2 snapping turtle zombies
  54 orc warriors
  8 eyes of draining
  3 sky beasts
  3 swamp dragon zombies
  An ettin simulacrum (Vaults:2)
  8 black bears
  15 necrophages
  38 ogres
  3 boggarts (D:15)
  9 wolves
  12 centaurs
  4 lemures (D:4)
  19 big kobolds
  A hog skeleton (Crypt:1)
  2 phantoms
  Blork the orc (D:4)
  A bullfrog (shapeshifter) (Vaults:5)
  11 bullfrogs
  A fire crab zombie (Crypt:2)
  7 earth elementals
  12 wyvern skeletons
  Dowan (D:5)
  7 scorpions
  17 killer bees
  27 wights
  7 howler monkeys
  A troll skeleton (Crypt:2)
  6 electric eels
  2 bullfrog zombies
  6 centaur zombies
  2 jellies (Abyss:2)
  6 lava snakes
  3 quasits
  5 bullfrog skeletons
  4 centaur skeletons
  35 orc priests
  4 hounds
  6 iron imps
  2 human zombies (Crypt:2)
  A human skeleton (Crypt:2)
  3 iguanas
  7 hell rats (Lair:4)
  20 worker ants
  26 orc wizards
  A big kobold skeleton (Crypt:1)
  A hound zombie (D:6)
  A hound skeleton (D:5)
  2 howler monkey zombies
  2 worker ant zombies
  9 gnolls
  18 adders
  A howler monkey skeleton (D:5)
  5 shadow imps
  4 white imps
  8 ufetubi
  4 oozes
  3 adder skeletons
  A halfling skeleton (Crypt:1)
  5 worms
  2 dart slugs (D:1)
  6 leopard geckos
  111 orcs
  7 bats
  8 giant cockroaches
  14 goblins
  10 hobgoblins
  12 jackals
  9 quokkas
  A ball python (D:2)
  A ball python zombie (Crypt:1)
  6 frilled lizards
  32 kobolds
  A kobold zombie (Crypt:1)
  8 rats
  A rat zombie (D:8)
  A fire vortex (Lair:6)
  3 lurking horrors
  7 starspawn tentacles
2865 creatures vanquished.

Vanquished Creatures (others)
  A deep elf blademaster (Abyss:3)
  A cacodemon (Pan)
  A deep elf annihilator (Elf:3)
  A deep troll shaman (Depths:3)
  A dancing weapon (Elf:1)
  A deep elf knight (Vaults:4)
  2 swamp dragons (Swamp:4)
  An orb spider (Spider:2)
  A wolf spider (Spider:3)
  A blink frog (shapeshifter) (Depths:5)
  A shadow (Abyss:4)
  2 tarantellas (Spider:2)
  A human (D:14)
  A swamp drake (Swamp:4)
  An orc warrior (D:10)
  An eye of draining (Abyss:2)
  An ogre (Vaults:4)
  A small abomination (Abyss:2)
  A hound (D:9)
  A jelly (D:10)
  An orc wizard (D:6)
  2 bushes (Lair:5)
  A fire vortex (D:15)
  2 foxfires (Swamp:2)
  37 fungi
  2 pillars of salt (Abyss:4)
  33 plants
  10 starspawn tentacles
  4 toadstools (D:3)
  8 withered plants (Crypt:3)
122 creatures vanquished.

Grand Total: 2987 creatures vanquished

Notes
Turn   | Place    | Note
-------+----------+-------------------------------------------
     0 | D:1      | gimp the Tengu Fighter began the quest for the Orb.
     0 | D:1      | Reached XP level 1. HP: 14/14 MP: 2/2
    29 | D:1      | Reached XP level 2. HP: 12/19 MP: 3/3
   453 | D:1      | Reached XP level 3. HP: 23/23 MP: 4/4
  1374 | D:2      | Found a faded altar of an unknown god.
  1455 | D:2      | Reached XP level 4. HP: 28/28 MP: 5/5
  1857 | D:2      | Found a shimmering altar of Xom.
  2097 | D:3      | Gained mutation: You can fly continuously. [Tengu growth]
  2097 | D:3      | Reached XP level 5. HP: 31/33 MP: 6/6
  2293 | D:3      | Reached skill level 4 in Fighting
  2399 | D:3      | Reached XP level 6. HP: 19/38 MP: 3/7
  2952 | D:3      | Found a glowing silver altar of Zin.
  2952 | D:3      | Found a basalt altar of Yredelemnul.
  2953 | D:3      | Found a snail-covered altar of Cheibriados.
  2954 | D:3      | Found a radiant altar of Vehumet.
  2954 | D:3      | Found a broken altar of Ashenzari.
  3374 | D:4      | Noticed Blork the orc
  3395 | D:4      | Killed Blork the orc
  3742 | D:4      | Got a polished ring mail
  3753 | D:4      | Identified the +5 ring mail of Viddy {Str+4 Stlth+} (You
                  | found it on level 4 of the Dungeon)
  3948 | D:4      | Noticed Pikel
  3971 | D:4      | Killed Pikel
  3972 | D:4      | Reached skill level 5 in Fighting
  3972 | D:4      | Reached skill level 5 in Axes
  3972 | D:4      | Reached skill level 5 in Armour
  3972 | D:4      | Reached skill level 5 in Shields
  3972 | D:4      | Reached XP level 7. HP: 27/44 MP: 6/8
  4104 | D:4      | Reached XP level 8. HP: 49/49 MP: 9/9
  4336 | D:4      | Found a hide-covered altar of Uskayaw.
  4474 | D:4      | Noticed Sigmund
  4486 | D:4      | Killed Sigmund
  4487 | D:4      | Reached skill level 1 in Dodging
  4867 | D:5      | Entered Level 5 of the Dungeon
  5015 | D:5      | Noticed Dowan
  5017 | D:5      | Noticed Duvessa
  5019 | D:5      | Killed Dowan
  5073 | D:5      | Killed Duvessa
  5506 | D:5      | Reached XP level 9. HP: 48/54 MP: 8/10
  5667 | D:6      | Noticed Edmund
  5676 | D:6      | Killed Edmund
  5866 | D:6      | Noticed Menkaure
  5873 | D:6      | Killed Menkaure
  6376 | D:7      | Found a staircase to the Ecumenical Temple.
  6404 | Temple   | Entered the Ecumenical Temple
  6749 | Temple   | Became a worshipper of Warmaster Okawaru
  7185 | D:7      | Reached * piety under Okawaru
  7286 | D:7      | Noticed Joseph
  7296 | D:7      | Killed Joseph
  7297 | D:7      | Reached skill level 5 in Dodging
  7297 | D:7      | Reached XP level 10. HP: 59/59 MP: 11/11
  7563 | D:8      | Reached skill level 10 in Axes
  7645 | D:8      | Reached skill level 1 in Invocations
  7686 | D:8      | Reached ** piety under Okawaru
  7687 | D:8      | Noticed Maggie
  7708 | D:8      | Killed Maggie
  7793 | D:8      | Found a white marble altar of Elyvilon.
  8027 | D:8      | Noticed a boulder beetle
  8067 | D:8      | Killed a boulder beetle
  8067 | D:8      | Reached *** piety under Okawaru
  8068 | D:8      | Reached skill level 10 in Shields
  8335 | D:8      | Noticed Erica
  8359 | D:8      | Killed Erica
  8359 | D:8      | Reached **** piety under Okawaru
  8360 | D:8      | Reached XP level 11. HP: 63/63 MP: 14/14
  8550 | D:8      | Noticed a two-headed ogre
  8559 | D:8      | Killed a two-headed ogre
  8581 | D:8      | Found a runed translucent door.
  8584 | D:8      | Noticed inqbanana's ghost (amateur FoAK)
  8677 | D:8      | Found an ancient bone altar of Kikubaaqudgha.
  8784 | D:8      | Noticed a soul eater
  8792 | D:8      | Noticed a soul eater
  9199 | D:8      | Killed inqbanana's ghost
  9267 | D:9      | Found Orphaqyn's Weapon Shoppe.
  9642 | D:9      | Reached ***** piety under Okawaru
  9962 | D:9      | Received a gift from Okawaru
 10109 | D:9      | Found a runed translucent gate.
 10110 | D:9      | Found a runed translucent gate.
 10111 | D:9      | Found a runed translucent gate.
 10112 | D:9      | Noticed lunkers's ghost (novice MfGl)
 10442 | D:10     | Entered Level 10 of the Dungeon
 10461 | D:10     | Reached skill level 5 in Invocations
 10600 | D:10     | Reached XP level 12. HP: 68/68 MP: 14/16
 10717 | D:10     | Found Oriess's Jewellery Shoppe.
 10920 | D:10     | Noticed a two-headed ogre
 10927 | D:10     | Killed a two-headed ogre
 11387 | D:10     | Found a staircase to the Orcish Mines.
 11826 | D:10     | Noticed Urug
 11843 | D:10     | Killed Urug
 11928 | D:11     | Found Gyxkompa's Antique Armour Shop.
 11931 | D:11     | Bought a smoking plate armour for 756 gold pieces
 11942 | D:11     | Identified the +5 plate armour of Analysis {MP+9} (You
                  | bought it in a shop on level 11 of the Dungeon)
 11994 | D:11     | Found Suowunwi's Weapon Shoppe.
 12090 | D:11     | Found a flagged portal.
 12231 | Bailey   | Entered a bailey
 12685 | Bailey   | Got fading ice dragon scales
 12696 | Bailey   | Identified the +5 ice dragon scales of Lajysauh {-Cast
                  | rElec rF- rC++ Dex+3} (You found it in a bailey)
 12790 | D:11     | Found a staircase to the Lair.
 13347 | D:11     | Noticed a sun demon
 13426 | D:11     | Found Luad's Armour Emporium.
 13447 | D:11     | Found Naskiucw's Gadget Shop.
 13644 | D:11     | Noticed Grum
 13654 | D:11     | Received a gift from Okawaru
 13660 | D:11     | Killed Grum
 14258 | D:12     | Found a huge runed translucent gate.
 14258 | D:12     | Found a huge runed translucent gate.
 14258 | D:12     | Found a huge runed translucent gate.
 14258 | D:12     | Found a huge runed translucent gate.
 14363 | D:12     | Reached XP level 13. HP: 40/72 MP: 4/18
 14831 | D:12     | Noticed Jorgrun
 15135 | Orc:1    | Entered Level 1 of the Orcish Mines
 15447 | Lair:1   | Entered Level 1 of the Lair of Beasts
 15632 | Lair:1   | You are sucked into a shaft and drop 1 floor!
 16610 | Lair:2   | Found a hole to the Spider Nest.
 17073 | Lair:2   | Reached skill level 15 in Axes
 17680 | Lair:3   | Got a pair of blackened gloves
 17691 | Lair:3   | Identified the +1 pair of gloves "Zeaqaki" {rC- rCorr
                  | Dex+4} (You found it on level 3 of the Lair of Beasts)
 17718 | Lair:3   | You are sucked into a shaft and drop 1 floor!
 18065 | Lair:4   | Received a gift from Okawaru
 19260 | Lair:4   | Received a gift from Okawaru
 19856 | Lair:4   | Reached XP level 14. HP: 49/78 MP: 20/20
 20017 | Lair:4   | Found a staircase to the Swamp.
 20544 | Lair:5   | Reached ****** piety under Okawaru
 20546 | Lair:5   | Received a gift from Okawaru
 20552 | Lair:5   | Got a polished hat {god gift}
 20558 | Lair:5   | Identified the +1 hat of Xomompya {rPois rN+ MP-9 Stlth+}
                  | (Okawaru gifted it to you on level 5 of the Lair of Beasts)
 20950 | Lair:6   | Entered Level 6 of the Lair of Beasts
 21353 | Lair:6   | Reached skill level 15 in Shields
 21629 | Lair:6   | Noticed Josephine
 21638 | Lair:6   | Killed Josephine
 21800 | Lair:6   | Found a viscous altar of Jiyva.
 21800 | Lair:6   | Found a staircase to the Slime Pits.
 22326 | Lair:6   | Reached skill level 6 in Fighting
 22661 | Lair:6   | Found a large runed translucent door.
 22661 | Lair:6   | Found a large runed translucent door.
 22792 | Lair:6   | Noticed Sonja
 22813 | Lair:6   | Killed Sonja
 23176 | Lair:6   | Received a gift from Okawaru
 23592 | Orc:2    | Entered Level 2 of the Orcish Mines
 23847 | Orc:2    | Noticed Erolcha
 23853 | Orc:2    | Killed Erolcha
 24328 | Orc:2    | Found a staircase to the Elven Halls.
 24795 | Orc:2    | Reached XP level 15. HP: 50/85 MP: 5/22
 25233 | Orc:2    | Reached skill level 7 in Fighting
 25657 | Orc:2    | Found Momop's Magic Scroll Boutique.
 25658 | Orc:2    | Found Siemuff's Antique Armour Shop.
 25662 | Orc:2    | Found Yrumiuc's Book Shop.
 25663 | Orc:2    | Found Moil's Antique Weapon Shop.
 25671 | Orc:2    | Bought a masterwork chain mail for 332 gold pieces
 25671 | Orc:2    | Bought a runed scarf for 280 gold pieces
 25683 | Orc:2    | Identified the +6 chain mail "Mategah" {Harm rC- Will+
                  | Dex+5} (You bought it in a shop on level 2 of the Orcish
                  | Mines)
 25719 | Orc:2    | Bought a scroll of teleportation for 45 gold pieces
 25719 | Orc:2    | Bought a scroll of fog for 30 gold pieces
 25719 | Orc:2    | Bought a scroll of magic mapping for 52 gold pieces
 25719 | Orc:2    | Bought a scroll of identify for 30 gold pieces
 25719 | Orc:2    | Bought a scroll of teleportation for 45 gold pieces
 25719 | Orc:2    | Bought a scroll of teleportation for 45 gold pieces
 25719 | Orc:2    | Bought a scroll of identify for 30 gold pieces
 25720 | Orc:2    | Bought a tower shield for 157 gold pieces
 26744 | D:12     | Killed Jorgrun
 27253 | D:13     | Received a gift from Okawaru
 27259 | D:13     | Reached skill level 8 in Fighting
 27424 | D:13     | Identified a scroll of acquirement
 27424 | D:13     | Acquired 714 gold pieces
 27811 | D:13     | You are sucked into a shaft and drop 2 floors!
 27811 | D:15     | Entered Level 15 of the Dungeon
 27969 | D:15     | Found a frozen archway.
 27995 | IceCv    | Entered an ice cave
 28415 | D:15     | Found a staircase to the Depths.
 28622 | D:14     | Reached skill level 10 in Armour
 28622 | D:14     | Reached XP level 16. HP: 87/95 MP: 11/23
 28860 | D:14     | Reached skill level 9 in Fighting
 28881 | D:14     | Found a gate to the Vaults.
 29038 | D:14     | Received a gift from Okawaru
 29430 | D:13     | Found a burning altar of Makhleb.
 29619 | Spider:1 | Entered Level 1 of the Spider Nest
 29619 | Spider:1 | Noticed Kirke
 29630 | Spider:1 | Noticed a sphinx
 29768 | Lair:2   | Killed Kirke
 30133 | Spider:1 | Noticed Rupert
 30419 | Spider:1 | Killed Rupert
 31165 | Spider:2 | Noticed Arachne
 31170 | Spider:2 | Noticed Donald
 31623 | Spider:2 | Received a gift from Okawaru
 31670 | Spider:2 | Killed Donald
 31690 | Spider:2 | Killed Arachne
 31691 | Spider:2 | Reached skill level 10 in Fighting
 32156 | Spider:2 | Received a gift from Okawaru
 32488 | Spider:2 | Noticed Azrael
 32501 | Spider:2 | Killed Azrael
 32526 | Spider:1 | Identified the +6 war axe of Jicof {vamp, +Fly} (You found
                  | it on level 1 of the Spider Nest)
 33442 | Spider:3 | Reached skill level 1 in Evocations
 33448 | Spider:3 | Reached XP level 17. HP: 97/103 MP: 15/24
 33731 | Spider:3 | Acquired the ring "Miem" {rC+ rN+ Dex+6 Stlth-}
 34162 | Spider:3 | Reached skill level 11 in Fighting
 34226 | Spider:4 | Entered Level 4 of the Spider Nest
 34980 | Spider:4 | Reached skill level 12 in Fighting
 35267 | Spider:4 | Received a gift from Okawaru
 35958 | Spider:4 | Got a gossamer rune of Zot
 36030 | Spider:4 | Reached skill level 5 in Evocations
 36161 | Swamp:1  | Entered Level 1 of the Swamp
 36954 | Swamp:2  | Received a gift from Okawaru
 37265 | Swamp:2  | Reached skill level 13 in Fighting
 37714 | Swamp:3  | Reached XP level 18. HP: 112/114 MP: 13/25
 37797 | Swamp:3  | Noticed Aizul
 37812 | Swamp:3  | Killed Aizul
 38087 | Swamp:3  | Noticed Nikola
 38106 | Swamp:3  | Received a gift from Okawaru
 38115 | Swamp:3  | Killed Nikola
 38559 | Swamp:3  | Found a runed translucent gate.
 38559 | Swamp:3  | Noticed Deodd's ghost (adept GrFi)
 38560 | Swamp:3  | Found a runed translucent gate.
 38578 | Swamp:3  | Found a runed translucent gate.
 38686 | Swamp:3  | Identified Roxanne's Collected Works on Changing
 38686 | Swamp:3  | Noticed Roxanne
 38702 | Swamp:3  | Killed Roxanne
 38880 | Swamp:3  | Killed Deodd's ghost
 39372 | Swamp:4  | Entered Level 4 of the Swamp
 39401 | Swamp:3  | Reached skill level 14 in Fighting
 39574 | Swamp:4  | Noticed a tentacled monstrosity
 39598 | Swamp:4  | Killed a tentacled monstrosity
 39973 | Swamp:4  | Received a gift from Okawaru
 40536 | Swamp:4  | Noticed the 27-headed Lernaean hydra
 40544 | Swamp:4  | Killed the 21-headed Lernaean hydra
 40545 | Swamp:4  | Reached skill level 15 in Fighting
 40554 | Swamp:4  | Got a decaying rune of Zot
 40786 | Swamp:4  | Reached XP level 19. HP: 120/124 MP: 15/26
 41512 | Vaults:1 | Entered Level 1 of the Vaults
 41709 | Vaults:1 | Received a gift from Okawaru
 41712 | Vaults:1 | Got a glimmering hat {god gift}
 41724 | Vaults:1 | Identified the -7 hat of Yrykk {Harm Str+4 Stlth-} (Okawaru
                  | gifted it to you on level 1 of the Vaults)
 42135 | Vaults:1 | HP: 1/124 [lich (6)]
 42453 | Vaults:1 | Found Iprezecu's Jewellery Shop.
 42468 | Vaults:1 | Bought an uncursed amulet of regeneration for 540 gold
                  | pieces
 42489 | Vaults:1 | Acquired 987 gold pieces
 42878 | Vaults:1 | Reached skill level 15 in Armour
 42992 | Vaults:1 | Noticed Saint Roka
 43016 | Vaults:1 | Killed Saint Roka
 43017 | Vaults:1 | Reached skill level 10 in Evocations
 43326 | Vaults:1 | Identified the cursed +1 chain mail of Caum {Dex+3} (You
                  | found it on level 1 of the Vaults)
 43466 | Vaults:2 | Found a staircase to the Crypt.
 43466 | Vaults:2 | Found a basalt altar of Yredelemnul.
 43467 | Vaults:2 | Found an ancient bone altar of Kikubaaqudgha.
 43887 | Vaults:2 | Received a gift from Okawaru
 43892 | Vaults:2 | Identified the +7 war axe of Summertime {venom, Dex+7}
                  | (Okawaru gifted it to you on level 2 of the Vaults)
 44244 | Vaults:2 | Reached XP level 20. HP: 119/131 MP: 27/27
 44311 | Vaults:2 | Reached skill level 16 in Fighting
 44689 | Vaults:2 | Received a gift from Okawaru
 45243 | Vaults:3 | Received a gift from Okawaru
 45873 | Vaults:3 | Reached skill level 10 in Dodging
 46439 | Vaults:4 | Reached skill level 17 in Fighting
 47260 | Vaults:4 | Received a gift from Okawaru
 47997 | Elf:1    | Entered Level 1 of the Elven Halls
 48009 | Elf:1    | Reached XP level 21. HP: 140/140 MP: 26/28
 48499 | Elf:1    | Acquired 751 gold pieces
 48806 | Elf:1    | Found Ecliuh's Distillery.
 48817 | Elf:1    | Bought a potion of curing for 33 gold pieces
 48817 | Elf:1    | Bought a potion of curing for 33 gold pieces
 48817 | Elf:1    | Bought a potion of curing for 33 gold pieces
 48817 | Elf:1    | Bought a potion of invisibility for 88 gold pieces
 48817 | Elf:1    | Bought a potion of curing for 33 gold pieces
 48976 | Elf:1    | Received a gift from Okawaru
 49177 | Elf:2    | Reached skill level 18 in Fighting
 49285 | Elf:2    | Found Dahatof's Antique Weapon Emporium.
 49405 | Elf:2    | Found Gina's Weapon Emporium.
 49604 | Elf:2    | Found a runed translucent door.
 49648 | Elf:2    | Found a runed translucent door.
 49820 | Elf:2    | Received a gift from Okawaru
 49833 | Elf:2    | Identified the +3 war axe "Lushryul" {venom, rPois Int+2
                  | Dex+4} (Okawaru gifted it to you on level 2 of the Elven
                  | Halls)
 50211 | Elf:3    | Entered Level 3 of the Elven Halls
 51157 | Elf:3    | Received a gift from Okawaru
 51367 | Elf:3    | Reached skill level 19 in Fighting
 51432 | Elf:3    | Reached XP level 22. HP: 149/149 MP: 29/29
 51730 | Elf:3    | Identified the ring "Setarch" {rC+ rN+ Will+ AC+4 Int-5
                  | Slay+2}
 51752 | Elf:3    | Acquired 739 gold pieces
 51794 | Elf:3    | Received a gift from Okawaru
 51809 | Elf:3    | Identified the cursed +1 long sword of Untruth {antimagic,
                  | Int+4 Dex+2}
 51937 | Elf:3    | Got a translucent golden ring
 51938 | Elf:3    | Identified the ring of Democracy {*Drain rElec rPois
                  | Stlth+} (You found it on level 3 of the Elven Halls)
 51939 | Elf:3    | Identified the Almanac of the Oath and Battle Magic
 51991 | Elf:3    | Got a bound marble ring
 51992 | Elf:3    | Identified the ring "Raism" {Ice Dex+6} (You found it on
                  | level 3 of the Elven Halls)
 52121 | Elf:3    | Identified the +6 plate armour of Ilullo {Will- Int+5
                  | Stlth+} (You found it on level 3 of the Elven Halls)
 52435 | Depths:1 | Entered Level 1 of the Depths
 52673 | Depths:1 | Found Asafio's Armour Emporium.
 52684 | Depths:1 | Found Goutudoti's Magic Scroll Emporium.
 52703 | Depths:1 | Bought a scroll of teleportation for 51 gold pieces
 52703 | Depths:1 | Bought a scroll of blinking for 127 gold pieces
 52703 | Depths:1 | Bought a scroll of identify for 34 gold pieces
 52747 | Depths:1 | Reached skill level 20 in Fighting
 52945 | Depths:1 | Found a gateway to Hell.
 53225 | Depths:2 | Noticed Bai Suzhen
 53363 | Depths:2 | Killed Bai Suzhen
 53363 | Depths:2 | Received a gift from Okawaru
 53381 | Depths:2 | Found a one-way gate leading to the halls of Pandemonium.
 53486 | Depths:2 | Reached XP level 23. HP: 107/158 MP: 30/30
 53604 | Depths:2 | Found a runed translucent door.
 53605 | Depths:2 | Noticed puppykicker's ghost (veteran NaAM)
 53623 | Depths:2 | Noticed Asterion
 53636 | Depths:2 | Killed Asterion
 53638 | Depths:2 | Found a gateway to a ziggurat.
 53685 | Depths:2 | Killed puppykicker's ghost
 53790 | Depths:2 | Received a gift from Okawaru
 54413 | Depths:3 | Found Uhaish's Gadget Shoppe.
 54414 | Depths:3 | Found Vot Xuer's Jewellery Shop.
 54416 | Depths:3 | Found Venussot's Gadget Shoppe.
 54424 | Depths:3 | Bought a tin of tremorstones (2/2) for 520 gold pieces
 54659 | Depths:3 | Reached skill level 15 in Evocations
 54788 | Depths:3 | Reached skill level 21 in Fighting
 54788 | Depths:3 | Reached skill level 1 in Throwing
 55317 | Depths:3 | Paralysed by a floating eye for 3 turns
 55562 | Depths:3 | Received a gift from Okawaru
 55613 | Depths:4 | Reached skill level 15 in Dodging
 55690 | Depths:4 | Identified the +4 rapier of Overwhelming Force {drain,
                  | *Contam Int+4}
 55843 | Depths:4 | Received a gift from Okawaru
 55863 | Depths:4 | Reached XP level 24. HP: 96/168 MP: 25/30
 55864 | Depths:4 | Reached skill level 5 in Throwing
 55923 | Depths:4 | Noticed a juggernaut
 55936 | Depths:4 | Killed a juggernaut
 56157 | Depths:4 | Received a gift from Okawaru
 56201 | Depths:4 | Found a one-way gate to the infinite horrors of the Abyss.
 56610 | Depths:5 | Entered Level 5 of the Depths
 56622 | Depths:5 | Reached skill level 22 in Fighting
 56653 | Depths:5 | Found a white marble altar of Elyvilon.
 57085 | Depths:5 | Found a gate to the Realm of Zot.
 57371 | Depths:5 | Noticed Jory
 58081 | D:9      | Killed lunkers's ghost
 58081 | D:9      | Received a gift from Okawaru
 58418 | Vaults:5 | Entered Level 5 of the Vaults
 58477 | Vaults:5 | Received a gift from Okawaru
 58727 | Vaults:5 | Identified the +0 scale mail of the Equator {SInv} (You
                  | found it on level 5 of the Vaults)
 58806 | Vaults:5 | Reached XP level 25. HP: 137/175 MP: 30/30
 59010 | Vaults:5 | Reached skill level 23 in Fighting
 59053 | Vaults:5 | Noticed a dread lich
 59080 | Vaults:5 | Killed a dread lich
 59089 | Vaults:5 | Identified the +8 chain mail of Weablil {Will+ Str+3} (You
                  | found it on level 5 of the Vaults)
 59195 | Vaults:5 | Identified the +8 mace of Rubbish {vorpal, Will++ MP-9
                  | Int+2}
 59357 | Vaults:5 | Received a gift from Okawaru
 59383 | Vaults:5 | Identified the +2 pair of gloves "Poulee" {rElec rPois
                  | Will- rCorr} (Okawaru gifted it to you on level 5 of the
                  | Vaults)
 59555 | Vaults:5 | Got a silver rune of Zot
 59688 | Vaults:5 | Identified the ring "Bunoget" {rElec rN++ Will+ AC+4 Str-5}
                  | (You found it on level 5 of the Vaults)
 60750 | Temple   | Fell from the grace of Okawaru
 60750 | Temple   | Became a worshipper of the Shining One
 61132 | Crypt:1  | Entered Level 1 of the Crypt
 61204 | Crypt:1  | Reached skill level 10 in Throwing
 61217 | Crypt:1  | Reached * piety under the Shining One
 61252 | Crypt:1  | Found a transporter.
 61252 | Crypt:1  | Noticed Kucw's ghost (adept GrFi)
 61258 | Crypt:1  | Found a transporter.
 61288 | Crypt:1  | Reached ** piety under the Shining One
 61794 | Crypt:1  | Reached *** piety under the Shining One
 62252 | Crypt:1  | Reached **** piety under the Shining One
 62390 | Crypt:2  | Found a huge runed gate.
 62390 | Crypt:2  | Found a huge runed gate.
 62390 | Crypt:2  | Found a huge runed gate.
 62394 | Crypt:2  | Found a huge runed gate.
 62395 | Crypt:2  | Found a huge runed gate.
 62400 | Crypt:2  | Found a huge runed gate.
 62400 | Crypt:2  | Found a huge runed gate.
 62400 | Crypt:2  | Found a huge runed gate.
 62400 | Crypt:2  | Found a huge runed gate.
 62400 | Crypt:2  | Found a huge runed gate.
 62400 | Crypt:2  | Found a huge runed gate.
 62401 | Crypt:2  | Found a huge runed gate.
 62402 | Crypt:2  | Found a huge runed gate.
 62403 | Crypt:2  | Found a huge runed gate.
 62479 | Crypt:2  | Reached ***** piety under the Shining One
 62901 | Crypt:2  | Found a huge runed gate.
 62901 | Crypt:2  | Found a huge runed gate.
 62902 | Crypt:2  | Found a huge runed gate.
 62907 | Crypt:2  | Found a huge runed gate.
 62907 | Crypt:2  | Found a huge runed gate.
 62907 | Crypt:2  | Found a huge runed gate.
 62907 | Crypt:2  | Found a huge runed gate.
 62907 | Crypt:2  | Found a huge runed gate.
 62908 | Crypt:2  | Found a huge runed gate.
 62909 | Crypt:2  | Found a huge runed gate.
 62917 | Crypt:2  | Found a huge runed gate.
 62917 | Crypt:2  | Found a huge runed gate.
 62918 | Crypt:2  | Found a huge runed gate.
 63357 | Crypt:2  | Found a huge runed gate.
 63694 | Crypt:1  | Reached XP level 26. HP: 152/184 MP: 24/30
 63794 | Crypt:1  | Killed Kucw's ghost
 63806 | Crypt:1  | Got a steaming lapis lazuli ring
 63807 | Crypt:1  | Identified the ring "Didd" {*Tele Will+} (You found it on
                  | level 1 of the Crypt)
 63926 | Crypt:2  | Reached skill level 24 in Fighting
 64084 | Crypt:3  | Entered Level 3 of the Crypt
 64162 | Crypt:3  | Reached ****** piety under the Shining One
 64583 | Crypt:3  | Found a basalt altar of Yredelemnul.
 64982 | Crypt:3  | Reached skill level 10 in Invocations
 65016 | Crypt:3  | Found the +9 sword of Zonguldrok {reap}
 65062 | Crypt:3  | Identified the Almanac of Snow and Moulding
 65456 | Crypt:3  | Found a staircase to the Tomb.
 65456 | Crypt:3  | Noticed a royal mummy
 65457 | Crypt:3  | Noticed Sojobo
 65462 | Crypt:3  | Killed a royal mummy
 65469 | Crypt:3  | Killed Sojobo
 66935 | D:3      | Fell from the grace of the Shining One
 66935 | D:3      | Became a worshipper of Zin the Law-Giver
 66935 | D:3      | Reached * piety under Zin
 66935 | D:3      | Reached ** piety under Zin
 66935 | D:3      | Reached *** piety under Zin
 66935 | D:3      | Reached **** piety under Zin
 66935 | D:3      | Reached ***** piety under Zin
 67217 | Slime:1  | Entered Level 1 of the Pits of Slime
 67614 | Slime:3  | Gained mutation: Your body sometimes deteriorates upon
                  | taking damage. [a shining eye]
 67792 | Slime:4  | Gained mutation: You are frail. (-10% HP) [a shining eye]
 67912 | Slime:5  | Entered Level 5 of the Pits of Slime
 68000 | Slime:5  | Noticed the Royal Jelly
 68001 | Slime:5  | Found a viscous altar of Jiyva.
 68026 | Slime:5  | Reached XP level 27. HP: 154/172 MP: 32/32
 68040 | Slime:5  | Killed the Royal Jelly
 68281 | Slime:5  | HP: 4/172 [stone giant[the fury of Okawaru] (13)]
 68770 | Slime:5  | Identified the Guide on Shifting Heat
 68775 | Slime:5  | Reached ****** piety under Zin
 68794 | Slime:5  | Got a slimy rune of Zot
 68987 | D:11     | Lost mutation: Your body sometimes deteriorates upon taking
                  | damage. [potion of mutation]
 68987 | D:11     | Lost mutation: You are frail. (-10% HP) [potion of
                  | mutation]
 69207 | Depths:4 | Voluntarily entered the Abyss.
 69407 | Abyss:1  | Found an ancient bone altar of Kikubaaqudgha.
 69677 | Depths:4 | Escaped the Abyss
 70043 | Temple   | Fell from the grace of Zin
 70043 | Temple   | Became a worshipper of the Shining One
 70395 | Depths:4 | Voluntarily entered the Abyss.
 70399 | Abyss:1  | Got a smoking amethyst amulet
 70400 | Abyss:1  | Identified the amulet "Xabuann" {RegenMP +Blink Str+8 Int-3
                  | Dex-2} (You found it on level 1 of the Abyss)
 70514 | Abyss:1  | Found a corrupted altar of Lugonu.
 70598 | Abyss:1  | Gained mutation: Armour fits poorly on your strangely
                  | shaped body. [a neqoxec]
 71298 | Abyss:2  | Reached skill level 25 in Fighting
 71372 | Abyss:3  | Found a corrupted altar of Lugonu.
 71398 | Abyss:3  | Acquired 1180 gold pieces
 71562 | Abyss:4  | Gained mutation: You are weak. (Str -2) [a neqoxec]
 71719 | Abyss:4  | Was forgiven by Okawaru
 71769 | Depths:4 | Escaped the Abyss
 71774 | Depths:4 | Identified a +7 broad axe of holy wrath (a +5 vorpal broad
                  | axe blessed by the Shining One)
 71774 | Depths:4 | Received a gift from the Shining One
 72127 | D:3      | Fell from the grace of the Shining One
 72127 | D:3      | Became a worshipper of Zin the Law-Giver
 72129 | D:3      | Donated 4381 gold pieces to Zin
 72482 | Depths:4 | Voluntarily entered the Abyss.
 72487 | Abyss:1  | Found a corrupted altar of Lugonu.
 72502 | Abyss:1  | Found a corrupted altar of Lugonu.
 72538 | Abyss:2  | Found a corrupted altar of Lugonu.
 72541 | Abyss:2  | Lost mutation: Armour fits poorly on your strangely shaped
                  | body. [potion of mutation]
 72541 | Abyss:2  | Lost mutation: You are weak. (Str -2) [potion of mutation]
 73803 | Abyss:4  | Found a corrupted altar of Lugonu.
 73827 | Abyss:4  | Got an abyssal rune of Zot
 73834 | Depths:4 | Escaped the Abyss
 74009 | Pan      | Entered Pandemonium
 74125 | Pan      | Reached skill level 15 in Throwing
 74308 | Pan      | Noticed Giakonos the pandemonium lord
 74343 | Pan      | Killed Giakonos the pandemonium lord
 74949 | Pan      | Noticed Hagawij the pandemonium lord
 74965 | Pan      | Killed Hagawij the pandemonium lord
 75234 | Pan      | Noticed Unevuylu the pandemonium lord
 75247 | Pan      | Mangled by Unevuylu the pandemonium lord

Illustrated notes

Levels and vault maps discovered:
D:1:      mainiacjoe_arrival_reflecting_pool, layout_loops_ring, serial_forest,
          infiniplex_forest_end_2, infiniplex_forest_split,
          infiniplex_forest_lined_corner, infiniplex_forest_clump_C,
          infiniplex_forest_end_2, infiniplex_forest_lined_room_,
          infiniplex_forest_clump_curved, infiniplex_forest_clump_cross,
          infiniplex_forest_lined_3_way, infiniplex_forest_lined_ring
D:2:      layout_basic, xom_butterflies, serial_bayou, serial_bayou_shore_a,
          serial_bayou_pond_d, serial_bayou_ford_a, serial_bayou_pond_a,
          chequers_ecumenical_altar_simple_redux
D:3:      layout_basic, grunt_temple_overflow_open, minmay_gold_behind_fungi,
          minivault_23, minmay_misc_feat_tower, hex_large,
          grunt_decor_one_mirror
D:4:      layout_basic, eat_drink_and_be_merry_uskayaw, uniq_sigmund,
          uniq_pikel, uniq_blork_the_orc
D:5:      layout_rooms, uniq_duvessa
D:6:      layout_rooms, uniq_menkaure, uniq_edmund
D:7:      layout_basic, minmay_temple_entry_ruins, uniq_joseph
D:8:      wad_arrow_thing, layout_rooms, elyvilon_altar_5,
          lemuel_zombie_altar_kikubaaqudgha, special_room [special_room_kobold],
          ebering_ghost_reflecting_pool, dk_noncrumbling_3, uniq_erica,
          uniq_maggie
D:9:      layout_roguey, serial_shops, shop, gammafunk_ghost_spectres,
          lemuel_flamethrower_2
D:10:     layout_stronghold, erik_orc_1, serial_shops, nicolae_shop_waterfront,
          eino_small_chamber_without_monster, uniq_urug
D:11:     layout_irregular_city, dpeg_oklobed_lair, enter_bailey_3,
          serial_shops, shop, kennysheep_mini, shop, shop, evilmike_butchery,
          uniq_grum
D:12:     lemuel_bear_cage, layout_basic, uniq_jorgrun
D:13:     layout_cave_pools, makhleb_altar_promises_db
D:14:     layout_loops_ring, ximxim_vaults_locker_room,
          chequers_serial_rivers_room_b
D:15:     gammafunk_enter_depths_forms, layout_rooms,
          portal_ice_cave_entry_ice_beasts, serial_park_paths
          [serial_park_minivault_5x5_7], nicolae_lava_and_water,
          amcnicky_mini_corridor_feature, nicolae_underground_beach
Temple:   oiseaux_autumnal_temple
Lair:1:   layout_cave_pods, lemuel_fruit_tree
Lair:2:   layout_loops_ring, nicolae_spider_entry_non_spiders, serial_forest,
          infiniplex_forest_clump_small, infiniplex_forest_clump_diagonal,
          infiniplex_forest_lined_room_, infiniplex_forest_lined_2,
          infiniplex_forest_lined_room_2, infiniplex_forest_lined_ring
Lair:3:   layout_small_grid
Lair:4:   layout_small_grid, palyth_hydra_swamp_entry
Lair:5:   layout_loops_ring, st_stairs_4, nicolae_lair_grove_arrangements,
          grunt_megastairs_5
Lair:6:   cheibrodos_lair_end_hotspot, layout_gridlike,
          dpeg_slime_entry_enclosed_altar, eino_small_chamber_without_monster,
          uniq_josephine, uniq_sonja
Swamp:1:  layout_basic_swamp, evilmike_swamp_ruin_house_6
Swamp:2:  layout_basic_swamp, nicolae_swamp_stair_fork, swamp_pool1
Swamp:3:  layout_basic_swamp, gammafunk_ghost_split, infiniplex_staircase_pool,
          swamp_pool1, nicolae_swamp_round_clearing, uniq_nikola, uniq_aizul,
          uniq_roxanne
Swamp:4:  grunt_swamp_rune_castle, layout_basic_swamp, swamp_pool1,
          nicolae_swamp_rocky_clearing
Spider:1: layout_spider_delve, uniq_rupert, uniq_kirke
Spider:2: layout_spider_delve, uniq_azrael, uniq_arachne, uniq_donald
Spider:3: layout_spider_delve
Spider:4: guppyfry_spider_rune
Slime:1:  layout_caves
Slime:2:  layout_caves
Slime:3:  layout_caves
Slime:4:  layout_caves
Slime:5
Orc:1:    layout_caves
Orc:2:    st_orc_pillars, layout_diamond_mine, uniq_erolcha
Elf:1:    minmay_elf_arrival_plus, layout_onion_city, serial_shops, shop
Elf:2:    layout_geoelf_diagonals, serial_shops, shop, shop
Elf:3:    nooodl_elf_gasket, layout_geoelf_castle
Vaults:1: hangedman_vaults_capsules, st_check, vaults_mumra_minichess,
          v_alt_pattern_6, vaults_dpeg_ring, ontoclasm_vaults_eye,
          nicolae_vaults_inception_scallops, nicolae_vaults_little_squares_3,
          nicolae_vaults_alarming, nicolae_vaults_twisting_passages,
          nicolae_vaults_little_squares_3, layout_vaults_maze_snakey,
          serial_shops, shop, uniq_saint_roka
Vaults:2: vaults_room_corners, v_misc_4, v_pattern_4, ontoclasm_vaults_fault,
          grunt_vaults_trifunnel, grunt_vaults_bifocal, dpeg_vaults_monster_box,
          ontoclasm_vaults_twist, minmay_crypt_entry_necro_gods,
          vaults_room_corners, vaults_dpeg_hooks, nicolae_vaults_circle_grid_b,
          vaults_room_pool, nicolae_vaults_little_squares_4,
          layout_vaults_omnicross, uniq_margery
Vaults:3: hangedman_vaults_cutoff, v_misc_19, ontoclasm_vaults_bender,
          v_pattern_1, nicolae_vaults_holding_cells, vaults_room_ringed_pool,
          nicolae_vaults_ring_of_whatevers, layout_vaults_chaotic_city
Vaults:4: vaults_room_fancy_cross, v_misc_13, v_pattern_3,
          nicolae_vaults_rhombus_6, v_misc_16, nicolae_vaults_theta,
          nicolae_vaults_little_squares_1, nicolae_vaults_little_squares_3,
          layout_vaults_omnigrid
Vaults:5
Crypt:1:  layout_rooms, gammafunk_ghost_arena, grunt_crypt_arrival_split,
          grunt_megastairs_4
Crypt:2:  layout_basic, not_door_vault_due, grunt_megastairs_2
Crypt:3:  evilmike_haunted_forest, uniq_sojobo
Depths:1: layout_cave_pools, hell_entry, kennysheep_nub,
          kennysheep_generic_room_13, serial_bayou_shore_b, minmay_shop_star
Depths:2: grunt_bruiser_brothers, layout_cave_pools, enter_ziggurat_d,
          ebering_ghost_inner_flame, hell_entry, rand_demon_pan_entry_5,
          minmay_misc_feat_alley, uniq_bai_suzhen, uniq_asterion
Depths:3: minmay_angry_zag, layout_gridlike, pan_entry,
          chequers_serial_rivers_small_b, hell_entry,
          roderic_lattice_octagonal_star, minmay_shop_grove,
          infiniplex_staircase_pool_1, serial_bayou_shore_b
Depths:4: minmay_strange_plus, layout_cave_pools, hangedman_tar_grid_catacomb,
          abyss_entry, pan_entry, infiniplex_staircase_spiral
Depths:5: grunt_x_marks_the_spot, layout_honeycomb, old_standard_altar,
          hell_entry, abyss_entry, uniq_jory, uniq_boris
Pan:      evilmike_mini_pan_3x3, layout_basic, grunt_pan_in_and_out,
          layout_irregular_city, grunt_pan_spiral, layout_irregular_city,
          nicolae_pan_gloorx_vloqian_2

Skill      XL: |  1  2  3  4  5  6  7  8  9 10 11 12 13 14 15 16 17 18 19 20 21 22 23 24 25 26 27 |
---------------+----------------------------------------------------------------------------------+-----
Axes           | 3 5 7 9 11 12 14 15 17 18 20 | 20.0
Armour         | 4 5 7 10 11 13 14 15 16 17 18 | 18.0
Shields        | 4 5 7 9 10 11 13 14 15 16 18 | 18.5
Fighting       | 4 5 6 8 10 13 15 17 19 20 21 22 23 24 25 | 25.7
Dodging        | 3 5 8 10 12 14 15 | 15.0
Invocations    | 3 5 6 7 8 9 11 14 | 14.1
Evocations     | 1 5 8 10 12 13 14 15 | 15.0
Throwing       | 4 8 10 12 15 | 15.7

Action                   |  1- 3 |  4- 6 |  7- 9 | 10-12 | 13-15 | 16-18 | 19-21 | 22-24 | 25-27 || total
-------------------------+-------+-------+-------+-------+-------+-------+-------+-------+-------++-------
Melee: War axe           |    73 |   168 |   202 |   752 |   429 |    91 |     1 |       |       ||  1716
       Kick              |    20 |    37 |    66 |   239 |   365 |   462 |   523 |   546 |  1287 ||  3545
       Peck              |    12 |    27 |    32 |   146 |   233 |   291 |   318 |   340 |   838 ||  2237
       Broad axe         |       |       |       |       |   688 |   883 |  1158 |  1028 |  2435 ||  6192
       Unarmed           |       |       |       |       |       |     1 |       |       |       ||     1
Throw: Dart              |       |     9 |     5 |    19 |     2 |    24 |       |       |       ||    59
       Javelin           |       |       |       |       |       |    16 |       |       |    16 ||    32
Invok: Heroism           |       |       |       |     4 |    12 |    20 |    12 |    24 |     1 ||    73
       Finesse           |       |       |       |     1 |     2 |    11 |     5 |     7 |     1 ||    27
       Cleansing Flame   |       |       |       |       |       |       |       |       |    15 ||    15
       Divine Shield     |       |       |       |       |       |       |       |       |     7 ||     7
       Recite            |       |       |       |       |       |       |       |       |    13 ||    13
       Vitalisation      |       |       |       |       |       |       |       |       |    10 ||    10
       Sanctuary         |       |       |       |       |       |       |       |       |     2 ||     2
       Donate Gold       |       |       |       |       |       |       |       |       |     1 ||     1
       Brand Weapon With |       |       |       |       |       |       |       |       |     1 ||     1
 Abil: Fly               |       |     1 |       |       |       |       |       |       |     2 ||     3
       Stop Flying       |       |       |       |       |       |       |       |       |     2 ||     2
Evoke: Wand              |       |       |     1 |       |     9 |     2 |       |     1 |     3 ||    16
       Lightning rod     |       |       |       |       |     5 |     4 |     4 |       |     4 ||    17
       Box of beasts     |       |       |       |       |     1 |     2 |       |       |       ||     3
       Phantom mirror    |       |       |       |       |       |     1 |       |       |       ||     1
       Condenser vane    |       |       |       |       |       |       |     1 |     1 |       ||     2
       Tin of tremorston |       |       |       |       |       |       |       |     1 |     5 ||     6
       Phial of floods   |       |       |       |       |       |       |       |     1 |     1 ||     2
  Use: Scroll            |       |     6 |    11 |     8 |    17 |    14 |     7 |    19 |    22 ||   104
       Potion            |       |       |       |     5 |     2 |     4 |     1 |       |     3 ||    15
 Stab: Sleeping          |       |       |     1 |     3 |       |     1 |       |       |       ||     5
       Paralysed         |       |       |       |       |       |     2 |       |       |       ||     2
       Confused          |       |       |       |       |       |     1 |       |       |    12 ||    13
       Invisible         |       |       |       |       |       |       |     1 |       |       ||     1
Armor: Scale mail        |    35 |    30 |       |       |       |       |       |       |       ||    65
       Plate armour      |       |    63 |       |    86 |   198 |       |       |       |       ||   347
       Ring mail         |       |    23 |    56 |    92 |       |       |       |       |       ||   171
       Skin              |       |       |       |    28 |       |       |       |       |       ||    28
       Ice dragon scales |       |       |       |       |    60 |   383 |   198 |   132 |       ||   773
       Chain mail        |       |       |       |       |     6 |       |       |       |       ||     6
       Gold dragon scale |       |       |       |       |       |       |       |    73 |   956 ||  1029
Dodge: Dodged            |    28 |    50 |    86 |   303 |   246 |   549 |   431 |   518 |   716 ||  2927
Block: Kite shield       |    47 |   114 |   138 |   535 |   471 |   539 |   506 |   636 |   278 ||  3264
       Tower shield      |       |       |       |       |   206 |   264 |       |       |  1982 ||  2452
       Reflection        |       |       |       |       |       |     1 |    52 |    46 |    11 ||   110

Table legend: (Time is in decaauts)
 A = Elapsed time spent in this place.
 B = Non-inter-level travel time spent in this place.
 C = Inter-level travel time spent in this place.
 D = Time resting spent in this place.
 E = Time spent auto-exploring this place.
 F = Levels seen in this place.
 G = Mean time per level.
                   A        B        C        D        E       F      G
               +--------+--------+--------+--------+--------+-----+--------+
         Total |  70231 |  62876 |   7355 |   7126 |  40711 |  67 | 1048.2 |
       Dungeon |  19748 |  16281 |   3467 |    884 |  11736 |  15 | 1316.5 |
        Temple |    479 |    283 |    196 |      0 |    278 |   1 |  479.0 |
          Lair |   8836 |   8187 |    649 |   1345 |   5812 |   6 | 1472.7 |
         Swamp |   4753 |   4563 |    190 |    844 |   3050 |   4 | 1188.2 |
   Spider Nest |   5016 |   4890 |    126 |   1275 |   2588 |   4 | 1254.0 |
    Slime Pits |   1575 |   1476 |     99 |    499 |    488 |   5 |  315.0 |
  Orcish Mines |   2635 |   2264 |    371 |    616 |   1085 |   2 | 1317.5 |
   Elven Halls |   3825 |   3595 |    230 |    373 |   2194 |   3 | 1275.0 |
        Vaults |   8255 |   7237 |   1018 |    384 |   5246 |   5 | 1651.0 |
         Crypt |   5091 |   4757 |    334 |    157 |   3298 |   3 | 1697.0 |
        Depths |   5279 |   4607 |    672 |    510 |   2837 |   5 | 1055.8 |
         Abyss |   2949 |   2949 |      0 |      2 |   1280 |   9 |  327.7 |
   Pandemonium |   1154 |   1154 |      0 |    207 |    554 |   3 |  384.7 |
        Bailey |    497 |    497 |      0 |     24 |    250 |   1 |  497.0 |
      Ice Cave |    133 |    133 |      0 |      0 |     11 |   1 |  133.0 |
               +--------+--------+--------+--------+--------+-----+--------+

Top non-repeatable levels by time:
Vaults:1: 2378 daAuts
 Crypt:3: 2354 daAuts
 Swamp:3: 2348 daAuts
  Lair:2: 2244 daAuts
    D:11: 2171 daAuts
    D:10: 2143 daAuts
     D:8: 1978 daAuts
  Lair:6: 1875 daAuts
   Elf:3: 1814 daAuts
  Lair:4: 1728 daAuts
Spider:1: 1725 daAuts
    D:12: 1709 daAuts
Vaults:2: 1645 daAuts
   Orc:2: 1616 daAuts
     D:4: 1596 daAuts
